[Event "ICC tourney 2917 (30 10)"]
[Site "Internet Chess Club"]
[Date "2022.05.21"]
[Round "1"]
[White "SARAFUDINOV, ANDREY:whyyoutrysohard"]
[Black "MARKOVIC, GORAN:Goran21"]
[Result "0-1"]
[ICCResult "White checkmated"]
[WhiteElo "1593"]
[BlackElo "1794"]
[Opening "Catalan opening"]
[ECO "E00"]
[NIC "EO.45"]
[Time "12:02:42"]
[PlyCount "102"]
[TimeControl "1800+10"]

1. d4 Nf6 2. c4 e6 3. g3 c5 4. Nf3 cxd4 5. Nxd4 d5 6. Bg2 Bb4+ 7. Bd2 Bxd2+
8. Nxd2 O-O 9. O-O Nc6 10. e3 e5 11. N4b3 Bg4 12. Qc2 Rc8 13. cxd5 Nxd5 14.
Qd3 Ndb4 15. Qxd8 Rfxd8 16. f3 Be6 17. Ne4 Nc2 18. Rac1 Nxe3 19. Rfe1 Nxg2
20. Kxg2 Nb4 21. Red1 Rxd1 22. Rxd1 Nxa2 23. Nbc5 h6 24. Nxb7 Rc2+ 25. Rd2
Rc7 26. Nbc5 Bf5 27. Nd3 Bxe4 28. fxe4 Rd7 29. Kf2 Nb4 30. Ke3 Nxd3 31. Rxd3
Rxd3+ 32. Kxd3 f6 33. Kc4 Kf7 34. Kb5 Ke6 35. b4 f5 36. exf5+ Kxf5 37. Ka6
e4 38. b5 e3 39. Kxa7 e2 40. b6 e1=Q 41. b7 Qa5+ 42. Kb8 Ke6 43. Kc8 Qc5+
44. Kd8 Qb6+ 45. Kc8 Qc6+ 46. Kb8 Kd7 47. Ka7 Qa4+ 48. Kb8 Qa6 49. g4 Kc6
50. Kc8 Qxb7+ 51. Kd8 Qd7# {White checkmated} 0-1

[Event "ICC tourney 2917 (30 10)"]
[Site "Internet Chess Club"]
[Date "2022.05.21"]
[Round "1"]
[White "VIDENA, DANIEL TUAPEN:Davide25"]
[Black "WILLY, STEPHEN:stephenwilly"]
[Result "0-1"]
[ICCResult "White resigns"]
[WhiteElo "1690"]
[BlackElo "1819"]
[Opening "QGD: 4.Bg5 Be7"]
[ECO "D53"]
[NIC "QO.13"]
[Time "12:01:08"]
[PlyCount "113"]
[TimeControl "1800+10"]

1. d4 d5 2. c4 e6 3. Nc3 Nf6 4. Bg5 Be7 5. e3 b6 6. Nf3 Bb7 7. cxd5 Nxd5 8.
Bxe7 Qxe7 9. Rc1 O-O 10. Bd3 Rc8 11. O-O Nd7 12. Qe2 c5 13. Ba6 N7f6 14.
Bxb7 Qxb7 15. Rfd1 cxd4 16. Nxd5 Qxd5 17. Rxc8+ Rxc8 18. Qa6 Rc7 19. exd4
Qc4 20. Qxc4 Rxc4 21. h3 Kf8 22. Kf1 Ke7 23. Ke2 Nd5 24. g3 f6 25. Kd3 Rc7
26. a3 b5 27. Nd2 b4 28. Nc4 bxa3 29. bxa3 Rb7 30. Kc2 Nb6 31. Nxb6 Rxb6 32.
d5 Rd6 33. dxe6 Rxd1 34. Kxd1 Kxe6 35. Ke2 Kd5 36. Kd3 f5 37. f3 g5 38. f4
gxf4 39. gxf4 h5 40. h4 a6 41. a4 a5 42. Ke3 Kc4 43. Kd2 Kb3 44. Kd3 Kxa4
45. Kc4 Ka3 46. Kc3 a4 47. Kd4 Kb2 48. Ke5 a3 49. Kxf5 a2 50. Kg6 a1=Q 51.
f5 Qd1 52. f6 Qg4+ 53. Kh7 Qxh4 54. f7 Qf6 55. Kg8 h4 56. Kf8 h3 57. Ke8
{White resigns}
0-1

[Event "ICC tourney 2917 (30 10)"]
[Site "Internet Chess Club"]
[Date "2022.05.21"]
[Round "1"]
[White "JACKSON, MASSIMO MATEO:Yeetamus123"]
[Black "OPASKA, MICHAEL:mopaska1106"]
[Result "0-1"]
[ICCResult "White checkmated"]
[WhiteElo "1525"]
[BlackElo "1778"]
[Opening "Sicilian: Grand Prix attack"]
[ECO "B23"]
[NIC "SI.44"]
[Time "12:01:06"]
[PlyCount "116"]
[TimeControl "1800+10"]

1. e4 c5 2. Nc3 Nc6 3. f4 d6 4. Nf3 g6 5. Bc4 Bg7 6. O-O Nf6 7. Ng5 O-O 8.
f5 Ne5 9. d3 Nxc4 10. dxc4 Rb8 11. Qe1 e6 12. fxg6 fxg6 13. Qh4 h6 14. Nf3
Nh5 15. Bd2 Bd7 16. a4 Kh7 17. g4 Nf4 18. g5 e5 19. gxh6 Qxh4 20. Nxh4 Bxh6
21. Bxf4 Bxf4 22. Nd5 Bc6 23. Ng2 Bxd5 24. cxd5 g5 25. Rf2 Rbe8 26. Raf1 Kg6
27. h4 Rh8 28. Nxf4+ gxf4 29. Rh2 Kh5 30. Rff2 Rhg8+ 31. Kf1 Rg4 32. Rfg2
Reg8 33. Rf2 b6 34. b3 a6 35. Rh1 Rg3 36. Re2 R8g4 37. Rhh2 b5 38. axb5 axb5
39. Reg2 Rxg2 40. Rxg2 Rxg2 41. Kxg2 Kxh4 42. c3 Kg4 43. Kf2 f3 44. c4 bxc4
45. bxc4 Kf4 46. Kf1 Kxe4 47. Kf2 Kf4 48. Kf1 Ke3 49. Ke1 e4 50. Kf1 f2 51.
Kg2 Ke2 52. Kg3 f1=Q 53. Kh4 Qg1 54. Kh5 Kf3 55. Kh6 Kf4 56. Kh7 Kf5 57. Kh8
Kf6 58. Kh7 Qg7# {White checkmated} 0-1

[Event "ICC tourney 2917 (30 10)"]
[Site "Internet Chess Club"]
[Date "2022.05.21"]
[Round "1"]
[White "LOPEZ, FRANCISCO JAVIER:steinutz"]
[Black "WANG, ALEXANDER J:ickyquarter"]
[Result "0-1"]
[ICCResult "White resigns"]
[WhiteElo "1700"]
[BlackElo "1929"]
[Opening "Queen's pawn, Mason variation, Steinitz counter-gambit"]
[ECO "D00"]
[NIC "QP.08"]
[Time "12:01:19"]
[PlyCount "138"]
[TimeControl "1800+10"]

1. d4 d5 2. Bf4 c5 3. dxc5 e6 4. c3 Bxc5 5. Nf3 Nc6 6. e3 Nf6 7. Nbd2 O-O 8.
Bd3 Re8 9. Ne5 Bd6 10. Ndf3 Qc7 11. Nxc6 bxc6 12. Bxd6 Qxd6 13. O-O e5 14.
Be2 Bf5 15. Nh4 Be6 16. Qc2 e4 17. g3 Rab8 18. Rfd1 Qe5 19. Rd2 Bg4 20. Bxg4
Nxg4 21. Rad1 Qf6 22. b3 Ne5 23. Kh1 g5 24. Ng2 Nf3 25. Ne1 Nxd2 26. Qxd2
Re6 27. Kg1 Qf5 28. Qe2 Rh6 29. Qf1 Qg4 30. Nc2 Qh5 31. h3 Qxh3 32. Qxh3
Rxh3 33. Kg2 Rh6 34. Nd4 Rf6 35. g4 a5 36. Rh1 a4 37. b4 Rc8 38. Nf5 Rc7 39.
Rh5 Rg6 40. a3 Rd7 41. Kf1 f6 42. Ke2 Kh8 43. Kd2 Rg8 44. Kc2 Rc7 45. Rh6
Rg6 46. Rh1 Rg8 47. Rh6 Rf8 48. Nd4 Rff7 49. Ne6 Rc8 50. c4 f5 51. Nxg5 Rg7
52. Ne6 Rxg4 53. Rf6 Rg6 54. Rxg6 hxg6 55. Kc3 Kg8 56. Kd4 dxc4 57. Kxc4 Kf7
58. Nd4 Ke7 59. Kc5 Kd7 60. Kb6 Rf8 61. Ka5 f4 62. Kxa4 fxe3 63. fxe3 Rf3
64. Nc2 g5 65. b5 cxb5+ 66. Kxb5 g4 67. a4 g3 68. a5 g2 69. a6 g1=Q
{White resigns}
0-1

[Event "ICC tourney 2917 (30 10)"]
[Site "Internet Chess Club"]
[Date "2022.05.21"]
[Round "1"]
[White "BAGCHI, SOUNAK:Chesssaga"]
[Black "AKULA, MAHIT:Judtyr123"]
[Result "0-1"]
[ICCResult "White resigns"]
[WhiteElo "1862"]
[BlackElo "1697"]
[Opening "Caro-Kann: advance variation"]
[ECO "B12"]
[NIC "CK.02"]
[Time "12:03:42"]
[PlyCount "78"]
[TimeControl "1800+10"]

1. e4 c6 2. d4 d5 3. e5 c5 4. dxc5 Nc6 5. Nf3 Bg4 6. Be2 e6 7. Be3 Bxf3 8.
Bxf3 Nxe5 9. Be2 a6 10. c3 Rc8 11. b4 Nf6 12. Nd2 Be7 13. O-O O-O 14. Rc1 a5
15. a3 axb4 16. axb4 Ng6 17. f4 Qc7 18. Nb3 Ne4 19. Nd4 Bf6 20. Bd3 Ra8 21.
Qc2 e5 22. Nb5 Qd7 23. f5 Ne7 24. Bxe4 Qxb5 25. c4 Qxb4 26. cxd5 Ra4 27. Bf3
e4 28. Rb1 Qc3 29. Qxc3 Bxc3 30. Bd1 Ra2 31. Bb3 Re2 32. Bf4 Bd4+ 33. Kh1
Bxc5 34. Bg3 Rd8 35. Rbd1 e3 36. d6 Nc6 37. f6 g6 38. Bd5 Rd2 39. Bxc6 e2
{White resigns}
0-1

[Event "ICC tourney 2917 (30 10)"]
[Site "Internet Chess Club"]
[Date "2022.05.21"]
[Round "1"]
[White "WU, JAYDEN:SparkyNinja"]
[Black "Le, Benny:Benranger2011"]
[Result "0-1"]
[ICCResult "White resigns"]
[WhiteElo "1771"]
[BlackElo "1225"]
[Opening "Caro-Kann: classical, 6.h4"]
[ECO "B19"]
[NIC "CK.11"]
[Time "12:01:10"]
[PlyCount "90"]
[TimeControl "1800+10"]

1. e4 c6 2. d4 d5 3. Nc3 dxe4 4. Nxe4 Bf5 5. Ng3 Bg6 6. h4 h6 7. Nf3 e6 8.
Ne5 Bh7 9. Bd3 Bxd3 10. Qxd3 Nf6 11. f4 Nd5 12. Bd2 Nd7 13. O-O-O Qc7 14. c4
N5f6 15. Rhe1 Nxe5 16. fxe5 Nd7 17. Qf3 Nb6 18. Ba5 Qe7 19. Bxb6 axb6 20. d5
Qb4 21. dxe6 Qxc4+ 22. Qc3 Qxc3+ 23. bxc3 Ba3+ 24. Kb1 fxe6 25. Nh5 O-O 26.
Rd7 Rf7 27. Red1 Ra4 28. g3 Ra5 29. Rxf7 Kxf7 30. Rd7+ Be7 31. Rxb7 Rxe5 32.
Nf4 b5 33. h5 Kf6 34. Rb6 Kg5 35. Rxc6 Kg4 36. Nxe6 Rxh5 37. Nxg7 Rg5 38.
Ne6 Rg6 39. Kc2 Kxg3 40. Kd3 h5 41. Rc5 Bxc5 42. Nxc5 h4 43. Ne4+ Kg2 44. c4
bxc4+ 45. Kxc4 h3 {White resigns} 0-1

[Event "ICC tourney 2917 (30 10)"]
[Site "Internet Chess Club"]
[Date "2022.05.21"]
[Round "1"]
[White "KOEHL, EVAN:MacAndSneeze"]
[Black "Feng, Jay:TheDeadlyPawn"]
[Result "1/2-1/2"]
[ICCResult "Game drawn by mutual agreement"]
[WhiteElo "1790"]
[BlackElo "1530"]
[Opening "Caro-Kann: two knights variation"]
[ECO "B11"]
[NIC "CK.01"]
[Time "12:01:09"]
[PlyCount "166"]
[TimeControl "1800+10"]

1. e4 c6 2. Nc3 d5 3. Nf3 dxe4 4. Nxe4 Nf6 5. Qe2 Nxe4 6. Qxe4 Nd7 7. d4 Nf6
8. Qd3 g6 9. Be2 Bg7 10. c3 Bf5 11. Qd1 O-O 12. O-O Rc8 13. h3 h6 14. Bf4 c5
15. dxc5 Ne4 16. Nd4 Rxc5 17. Nxf5 Rxf5 18. Qxd8 Rxd8 19. Be3 b6 20. Rfd1
Rfd5 21. Rxd5 Rxd5 22. Rd1 Rxd1+ 23. Bxd1 Kf8 24. Kf1 e5 25. Ke2 Nd6 26. Kd3
f5 27. f3 g5 28. b3 Ke7 29. c4 e4+ 30. fxe4 fxe4+ 31. Ke2 Nf5 32. g4 Nh4 33.
Bc2 Ng2 34. Bxe4 Nxe3 35. Kxe3 Ke6 36. Bg2 Ke5 37. Bf1 Bf8 38. Kd3 a5 39.
Be2 Bc5 40. Bd1 Kf4 41. Be2 Ke5 42. Kc3 Kf4 43. Bd1 Kg3 44. Kd3 Kf4 45. Be2
Ke5 46. Bf3 Kf4 47. Ke2 Ke5 48. Bd5 Bb4 49. Bc6 Bc5 50. Kf3 Bb4 51. Kg3 Be1+
52. Kf3 Bb4 53. Ke3 Bc5+ 54. Kd3 Kf4 55. Bb7 Ke5 56. Kc3 Bd4+ 57. Kc2 Bc5
58. Kb2 Bd4+ 59. Ka3 Bc5+ 60. Ka4 Kf4 61. Bc8 Kg3 62. Be6 Kxh3 63. a3 Kg3
64. b4 axb4 65. axb4 Bd4 66. Kb5 Kf4 67. c5 bxc5 68. bxc5 Ke5 69. Bf7 Kf4
70. c6 Be5 71. Bh5 Bc7 72. Kc5 Ke5 73. Bf7 Kf6 74. Bh5 Ke5 75. Bg6 Ke6 76.
Bf5+ Ke5 77. Bd7 Kf6 78. Kd5 Ke7 79. Bf5 Kf6 80. Bc8 Be5 81. Bd7 Bc7 82. Ke4
Be5 83. Kd5 Bc7 {Game drawn by mutual agreement} 1/2-1/2

[Event "ICC tourney 2917 (30 10)"]
[Site "Internet Chess Club"]
[Date "2022.05.21"]
[Round "2"]
[White "SARAFUDINOV, ANDREY:whyyoutrysohard"]
[Black "LOPEZ, FRANCISCO JAVIER:steinutz"]
[Result "0-1"]
[ICCResult "White resigns"]
[WhiteElo "1593"]
[BlackElo "1700"]
[Opening "Dutch defense"]
[ECO "A91"]
[NIC "HD.03"]
[Time "14:00:23"]
[PlyCount "24"]
[TimeControl "1800+10"]

1. d4 e6 2. c4 f5 3. g3 Nf6 4. Bg2 Be7 5. Nc3 d6 6. e4 fxe4 7. Nxe4 O-O 8.
Qd3 Nc6 9. Nh3 e5 10. d5 Nb4 11. Qb1 Nxe4 12. Qxe4 Bf5 {White resigns} 0-1

[Event "ICC tourney 2917 (30 10)"]
[Site "Internet Chess Club"]
[Date "2022.05.21"]
[Round "2"]
[White "WILLY, STEPHEN:stephenwilly"]
[Black "Le, Benny:Benranger2011"]
[Result "0-1"]
[ICCResult "White checkmated"]
[WhiteElo "1819"]
[BlackElo "1225"]
[Opening "Caro-Kann: two knights variation"]
[ECO "B11"]
[NIC "CK.01"]
[Time "14:00:21"]
[PlyCount "148"]
[TimeControl "1800+10"]

1. e4 c6 2. Nc3 d5 3. Nf3 dxe4 4. Nxe4 Bf5 5. Ng3 Bg6 6. h4 h6 7. Ne5 Nd7 8.
Nxg6 fxg6 9. Qg4 Ne5 10. Qe4 Qd5 11. Qxd5 cxd5 12. d4 Nc6 13. Bd3 Nxd4 14.
Bxg6+ Kd7 15. Be3 Nc6 16. Rd1 e6 17. c4 Ne5 18. Bd3 Nxd3+ 19. Rxd3 Nf6 20.
cxd5 Bb4+ 21. Ke2 Nxd5 22. a3 Bd6 23. Ne4 Rhd8 24. Rhd1 Ke7 25. Nxd6 Rxd6
26. Bc5 Nf4+ 27. Ke3 Nxd3 28. Rxd3 Rd8 29. Ke4 b6 30. Bb4 a5 31. Rxd6 Rxd6
32. Bxd6+ Kxd6 33. f4 a4 34. h5 Kd7 35. Ke5 Ke7 36. g4 Kf7 37. g5 Ke7 38.
gxh6 gxh6 39. f5 exf5 40. Kxf5 Kf7 41. Ke5 Ke7 42. Kd5 Kf6 43. Kc4 Kg5 44.
Kb5 Kxh5 45. Kxa4 Kg4 46. Kb5 h5 47. Kxb6 h4 48. a4 h3 49. a5 h2 50. b4 h1=Q
51. a6 Qe4 52. b5 Qa8 53. a7 Kf5 54. Ka6 Ke6 55. b6 Qc8+ 56. Kb5 Qb7 57. Ka4
Kd6 58. Kb5 Kd5 59. Ka4 Kc4 60. Ka5 Kc5 61. Ka4 Kxb6 62. a8=Q Qxa8+ 63. Kb4
Qa2 64. Kc3 Kc5 65. Kd3 Qb2 66. Ke3 Qc2 67. Kf3 Qd2 68. Kg3 Qe2 69. Kh3 Qf2
70. Kg4 Qe3 71. Kf5 Kd6 72. Kg4 Ke5 73. Kh4 Kf5 74. Kh5 Qh3# {White
checkmated} 0-1

[Event "ICC tourney 2917 (30 10)"]
[Site "Internet Chess Club"]
[Date "2022.05.21"]
[Round "2"]
[White "HO, COOPER:arsenicblast"]
[Black "Guo, Anni:movingkid"]
[Result "1-0"]
[ICCResult "Black resigns"]
[WhiteElo "1849"]
[BlackElo "1700"]
[Opening "Sicilian: dragon, Yugoslav attack, 7...O-O"]
[ECO "B76"]
[NIC "SI.17"]
[Time "14:00:26"]
[PlyCount "61"]
[TimeControl "1800+10"]

1. e4 c5 2. Nf3 d6 3. d4 cxd4 4. Nxd4 Nf6 5. Nc3 g6 6. Be3 Bg7 7. f3 O-O 8.
Bc4 Nc6 9. Bb3 Bd7 10. Qd2 Rc8 11. O-O-O Ne5 12. h4 h5 13. Bh6 Bxh6 14. Qxh6
Rxc3 15. bxc3 Qc7 16. g4 Qxc3 17. Kb1 Nc4 18. Bxc4 Qxc4 19. gxh5 Nxh5 20.
Rhg1 Qb4+ 21. Nb3 Qb5 22. Rd5 Qb6 23. Rg2 Ng7 24. h5 e5 25. hxg6 fxg6 26.
Qxg6 Rf7 27. Rxd6 Qb5 28. Rf6 Re7 29. Rh2 Qf1+ 30. Kb2 Bh3 31. Qh6
{Black resigns}
1-0

[Event "ICC tourney 2917 (30 10)"]
[Site "Internet Chess Club"]
[Date "2022.05.21"]
[Round "2"]
[White "WANG, ALEXANDER J:ickyquarter"]
[Black "AKULA, MAHIT:Judtyr123"]
[Result "1/2-1/2"]
[ICCResult "Game drawn by repetition"]
[WhiteElo "1929"]
[BlackElo "1697"]
[Opening "Caro-Kann: Tartakower (fantasy) variation"]
[ECO "B12"]
[NIC "CK.02"]
[Time "14:00:22"]
[PlyCount "191"]
[TimeControl "1800+10"]

1. e4 c6 2. d4 d5 3. f3 dxe4 4. fxe4 e5 5. Nf3 Bg4 6. Bc4 Nd7 7. c3 Bh5 8.
O-O Ngf6 9. Bg5 Bd6 10. Nbd2 O-O 11. a4 Qc7 12. h3 Rfe8 13. Bd3 a6 14. Qc2
c5 15. d5 h6 16. Be3 Nb6 17. c4 Bg6 18. Nh4 Bh7 19. Nf5 Bxf5 20. Rxf5 Nbd7
21. Raf1 b6 22. Qd1 Rab8 23. Qf3 Be7 24. Qg3 Kh7 25. R5f2 Nf8 26. Qf3 Ng6
27. Qe2 Qd7 28. b3 Bd6 29. Nf3 Kg8 30. Qd2 Nf4 31. Bxf4 exf4 32. Re1 Qc7 33.
Qb2 Be5 34. Nxe5 Rxe5 35. Rxf4 Rbe8 36. Ref1 Qd6 37. Qc2 a5 38. Qf2 Kh7 39.
Rf5 Rxf5 40. Qxf5+ Kg8 41. Qf4 Qxf4 42. Rxf4 Re5 43. Rf5 Rxf5 44. exf5 Kf8
45. Kf2 Ke7 46. g4 Kd6 47. Ke3 Nd7 48. Be2 Ne5 49. Ke4 f6 50. h4 Nf7 51. Kf4
Kd7 52. Bf3 Kd6 53. Be2 Kd7 54. g5 hxg5+ 55. hxg5 Nxg5 56. Bh5 Kd6 57. Be2
Kd7 58. Bd3 Kd6 59. Kg4 Ke7 60. Bc2 Nf7 61. Kf4 Ne5 62. Bd1 Kd6 63. Bh5 Ke7
64. Ke4 Kd6 65. Bf3 Ke7 66. Bd1 Kd6 67. Kf4 Ke7 68. Kg3 Kd6 69. Kh4 Ke7 70.
Kh5 Kd6 71. Be2 Ke7 72. Kh4 Kd6 73. Kg3 Ke7 74. Kf4 Kd6 75. Bf1 Ke7 76. Ke4
Kd6 77. Bg2 Ke7 78. Ke3 Kd6 79. Be4 Ke7 80. Kd2 Kd6 81. Ke2 Ke7 82. Kf2 Kd6
83. Kg3 Ke7 84. Kh4 Kd6 85. Kg3 Ke7 86. Kf2 Kd6 87. Kg2 Ke7 88. Kg3 Kd6 89.
Kf4 Ke7 90. Kg3 Kd6 91. Bf3 Ke7 92. Be4 Kd6 93. Kf4 Ke7 94. Kg3 Kd6 95. Kf4
Ke7 96. Kg3 {Game drawn by repetition} 1/2-1/2

[Event "ICC tourney 2917 (30 10)"]
[Site "Internet Chess Club"]
[Date "2022.05.21"]
[Round "2"]
[White "YUAN, SERENA:doudou2011"]
[Black "CAREY, MICHAEL P:xyzchessdude"]
[Result "0-1"]
[ICCResult "White resigns"]
[WhiteElo "1580"]
[BlackElo "1807"]
[Opening "Old Benoni defense"]
[ECO "A43"]
[NIC "OI.08"]
[Time "14:00:21"]
[PlyCount "74"]
[TimeControl "1800+10"]

1. d4 c5 2. d5 Nf6 3. Nc3 d6 4. e4 g6 5. Bb5+ Bd7 6. Bxd7+ Nfxd7 7. Nf3 Bg7
8. Bd2 Na6 9. O-O O-O 10. Qe2 Nc7 11. Rfe1 b5 12. Nxb5 Nxb5 13. Qxb5 Rb8 14.
Qa4 Bxb2 15. Rab1 Nb6 16. Qa6 Bg7 17. Qxa7 Nc4 18. Qa6 Nxd2 19. Nxd2 Ra8 20.
Qc4 Qd7 21. c3 Ra4 22. Qb3 Qa7 23. Ra1 Ra3 24. Qc4 Rxc3 25. Qe2 Rc2 26. Rec1
Rxa2 27. Rxa2 Qxa2 28. Qd1 f5 29. Qc2 Qa8 30. Nc4 Bd4 31. Ne3 f4 32. Nc4 f3
33. g3 Qc8 34. Qd3 Qh3 35. Qf1 Qg4 36. Qe1 h5 37. h4 Qxg3+ {White resigns}
0-1

[Event "ICC tourney 2917 (30 10)"]
[Site "Internet Chess Club"]
[Date "2022.05.21"]
[Round "2"]
[White "VIDENA, DANIEL TUAPEN:Davide25"]
[Black "WU, JAYDEN:SparkyNinja"]
[Result "1/2-1/2"]
[ICCResult "Game drawn by repetition"]
[WhiteElo "1690"]
[BlackElo "1771"]
[Opening "Nimzo-Indian: classical, Noa variation"]
[ECO "E34"]
[NIC "NI.23"]
[Time "14:00:22"]
[PlyCount "142"]
[TimeControl "1800+10"]

1. d4 Nf6 2. c4 e6 3. Nc3 Bb4 4. Qc2 d5 5. e3 O-O 6. Nf3 b6 7. Bd3 Bb7 8.
cxd5 exd5 9. O-O Nbd7 10. a3 Bxc3 11. bxc3 c5 12. Ne5 Re8 13. f4 Ne4 14. Bb5
Nef6 15. Qa4 Re7 16. Bc6 Nxe5 17. fxe5 Ne4 18. Bxb7 Rxb7 19. Qc2 c4 20. a4
a6 21. Bb2 b5 22. axb5 axb5 23. Ba3 Rba7 24. Qb2 Qa5 25. Rfc1 Qa4 26. Rcb1
h6 27. h3 Qb3 28. Qxb3 cxb3 29. Rxb3 Nd2 30. Rxb5 Rxa3 31. Rxa3 Rxa3 32.
Rxd5 Rxc3 33. Kf2 Ne4+ 34. Kf3 Ng5+ 35. Kf4 Ne6+ 36. Ke4 Kf8 37. Rd7 Ke8 38.
Ra7 Ng5+ 39. Kf4 Rc2 40. Kg3 Rc8 41. h4 Ne6 42. Kf3 Rc7 43. Ra2 Kd7 44. Rd2
Rb7 45. Ke4 Rb4 46. Kf5 Rb1 47. Rf2 Re1 48. Ke4 Nd8 49. d5 Ra1 50. Kf3 Ra4
51. e4 Ra3+ 52. Kf4 Ra7 53. g4 Ke7 54. g5 hxg5+ 55. hxg5 Rb7 56. g6 fxg6 57.
Kg5 Nf7+ 58. Kxg6 Nxe5+ 59. Kxg7 Kd6+ 60. Kf8 Rb8+ 61. Kg7 Rb7+ 62. Kf8 Rb8+
63. Kg7 Rb7+ 64. Kf8 Ng6+ 65. Kg8 Ne5 66. Kf8 Rb8+ 67. Kg7 Rb7+ 68. Kf8 Rb8+
69. Kg7 Rb7+ 70. Kf8 Rb8+ 71. Kg7 Rb7+ {Game drawn by repetition} 1/2-1/2

[Event "ICC tourney 2917 (30 10)"]
[Site "Internet Chess Club"]
[Date "2022.05.21"]
[Round "2"]
[White "Feng, Jay:TheDeadlyPawn"]
[Black "BAGCHI, SOUNAK:Chesssaga"]
[Result "0-1"]
[ICCResult "White forfeits on time"]
[WhiteElo "1530"]
[BlackElo "1862"]
[Opening "Queen's pawn: London system"]
[ECO "A45"]
[NIC "QP.07"]
[Time "14:01:03"]
[PlyCount "64"]
[TimeControl "1800+10"]

1. d4 Nf6 2. Bf4 d5 3. e3 e6 4. Nd2 Bd6 5. Bg3 O-O 6. Ngf3 c5 7. c3 Nc6 8.
Bd3 b6 9. O-O Bxg3 10. hxg3 Bb7 11. e4 cxd4 12. cxd4 Nb4 13. e5 Ne4 14. Qe2
Nxd3 15. Qxd3 f5 16. exf6 Qxf6 17. Ne5 Rad8 18. Rac1 Qe7 19. Ndf3 Rc8 20.
Qb5 Qd6 21. a3 Rc7 22. Rxc7 Qxc7 23. Qd3 Rc8 24. Re1 Qc2 25. Qb5 Qxf2+ 26.
Kh1 Rf8 27. Qd7 Bc8 28. Qe7 Qxg3 29. Rc1 Nf2+ 30. Kg1 Nh3+ 31. Kh1 Nf4 32.
Rc2 h6 {White forfeits on time} 0-1

[Event "ICC tourney 2917 (30 10)"]
[Site "Internet Chess Club"]
[Date "2022.05.21"]
[Round "3"]
[White "Le, Benny:Benranger2011"]
[Black "MARKOVIC, GORAN:Goran21"]
[Result "1-0"]
[ICCResult "Black checkmated"]
[WhiteElo "1225"]
[BlackElo "1794"]
[Opening "Catalan opening"]
[ECO "E00"]
[NIC "CA.01"]
[Time "16:05:51"]
[PlyCount "107"]
[TimeControl "1800+10"]

1. d4 Nf6 2. c4 e6 3. g3 c5 4. d5 exd5 5. cxd5 d6 6. Nc3 g6 7. e4 Bg7 8.
Nge2 O-O 9. Bg2 a6 10. O-O b5 11. e5 dxe5 12. d6 Ra7 13. f4 Nbd7 14. f5 b4
15. Nd5 Nxd5 16. Qxd5 Bb7 17. Qc4 Bxg2 18. Kxg2 Qa8+ 19. Kg1 Qc6 20. fxg6
hxg6 21. Be3 Qxd6 22. a3 Rc7 23. axb4 cxb4 24. Rxa6 Rxc4 25. Rxd6 Rc2 26.
Rxd7 Rxe2 27. Bc5 Rc8 28. Bxb4 Bh6 29. Bc3 f5 30. Re7 e4 31. g4 f4 32. Rf2
Rxf2 33. Kxf2 Rc4 34. Re6 Bf8 35. Rxg6+ Kh7 36. Rf6 Bc5+ 37. Ke2 f3+ 38. Kf1
Be3 39. Re6 Bf4 40. h4 e3 41. g5 Ra4 42. b3 Ra2 43. g6+ Kh6 44. g7+ Kh7 45.
Re8 Rf2+ 46. Ke1 Re2+ 47. Kd1 Rg2 48. Rh8+ Kg6 49. g8=Q+ Kf5 50. Qf7+ Kg4
51. Rg8+ Kh3 52. Qf5+ Kxh4 53. Qh7+ Bh6 54. Qxh6# {Black checkmated} 1-0

[Event "ICC tourney 2917 (30 10)"]
[Site "Internet Chess Club"]
[Date "2022.05.21"]
[Round "3"]
[White "KOEHL, EVAN:MacAndSneeze"]
[Black "WANG, ALEXANDER J:ickyquarter"]
[Result "1/2-1/2"]
[ICCResult "Game drawn by repetition"]
[WhiteElo "1790"]
[BlackElo "1929"]
[Opening "Sicilian: Canal-Sokolsky attack, Sokolsky variation"]
[ECO "B52"]
[NIC "SI.01"]
[Time "16:00:31"]
[PlyCount "109"]
[TimeControl "1800+10"]

1. e4 c5 2. Nf3 d6 3. Bb5+ Bd7 4. Bxd7+ Qxd7 5. c4 Nc6 6. O-O g6 7. Nc3 Bg7
8. d3 Nf6 9. Bg5 O-O 10. a3 Ne8 11. Qd2 Nc7 12. Bh6 Ne6 13. Bxg7 Kxg7 14.
Ne2 Rac8 15. b4 b6 16. b5 Ne5 17. Ne1 Ng4 18. h3 Nf6 19. f4 Nc7 20. Nf3 Rcd8
21. Qb2 Kg8 22. a4 Ra8 23. a5 Nh5 24. axb6 axb6 25. Rxa8 Rxa8 26. Ra1 Qd8
27. Ra2 e6 28. g4 Ng7 29. Nc3 d5 30. Rxa8 Qxa8 31. Qa2 Qxa2 32. Nxa2 Nge8
33. Nc3 dxc4 34. dxc4 Nd6 35. Nd2 f5 36. e5 Nc8 37. Kf2 Kf7 38. Nf3 h6 39.
Kg3 Ke8 40. Na4 Na8 41. Nd2 Ne7 42. Nf3 Kd7 43. Nh4 Kc7 44. gxf5 gxf5 45.
Nf3 Kb7 46. Nh4 Nc7 47. Ng2 Ne8 48. Kf3 Ng6 49. Nc3 Kc7 50. Ne2 Ng7 51. Nc3
Kd7 52. Na4 Kc7 53. Nc3 Nh5 54. Na4 Ng7 55. Nc3 {Game drawn by repetition}
1/2-1/2

[Event "ICC tourney 2917 (30 10)"]
[Site "Internet Chess Club"]
[Date "2022.05.21"]
[Round "3"]
[White "Feng, Jay:TheDeadlyPawn"]
[Black "SARAFUDINOV, ANDREY:whyyoutrysohard"]
[Result "1-0"]
[ICCResult "Black resigns"]
[WhiteElo "1530"]
[BlackElo "1593"]
[Opening "Sicilian: Smith-Morra gambit"]
[ECO "B21"]
[NIC "SI.47"]
[Time "16:00:24"]
[PlyCount "55"]
[TimeControl "1800+10"]

1. e4 c5 2. d4 cxd4 3. c3 Nf6 4. e5 Nd5 5. Nf3 Nc6 6. Bc4 Nb6 7. Bb3 d6 8.
exd6 Qxd6 9. cxd4 g6 10. O-O Bg7 11. Be3 O-O 12. Qd2 Bg4 13. Ne5 Nxe5 14.
dxe5 Qxe5 15. Nc3 Rac8 16. f3 Bf5 17. Rfd1 Qa5 18. Nd5 Qxd2 19. Nxe7+ Kh8
20. Rxd2 Rcd8 21. Rxd8 Rxd8 22. Nxf5 gxf5 23. Bxf7 Bxb2 24. Re1 Kg7 25. Bb3
Rd6 26. Bf4 Rd7 27. Re6 Nc8 28. Bh6+ {Black resigns} 1-0

[Event "ICC tourney 2917 (30 10)"]
[Site "Internet Chess Club"]
[Date "2022.05.21"]
[Round "3"]
[White "LOPEZ, FRANCISCO JAVIER:steinutz"]
[Black "WILLY, STEPHEN:stephenwilly"]
[Result "0-1"]
[ICCResult "White resigns"]
[WhiteElo "1700"]
[BlackElo "1819"]
[Opening "Queen's pawn, Mason variation"]
[ECO "D00"]
[NIC "QP.08"]
[Time "16:00:19"]
[PlyCount "104"]
[TimeControl "1800+10"]

1. d4 d5 2. Bf4 Nf6 3. e3 c5 4. c3 Qb6 5. Qb3 c4 6. Qxb6 axb6 7. Nd2 Bf5 8.
Ngf3 h6 9. Be2 e6 10. O-O Nc6 11. h3 b5 12. a3 Nd7 13. Rac1 Nb6 14. Bd1 Na4
15. Bxa4 Rxa4 16. Rfe1 Bd3 17. e4 dxe4 18. Nxe4 Be7 19. Nd6+ Bxd6 20. Bxd6
Kd7 21. Bg3 f6 22. Nd2 Na5 23. Re3 Re8 24. Rce1 g5 25. f4 Nc6 26. Ne4 Bxe4
27. Rxe4 Ra6 28. f5 Nd8 29. Kf2 h5 30. Bh2 Nf7 31. R1e2 h4 32. fxe6+ Raxe6
33. Rxe6 Rxe6 34. Rxe6 Kxe6 35. Kf3 f5 36. g3 hxg3 37. Bxg3 f4 38. Bh2 Kf5
39. Bg1 Nd6 40. d5 Ke5 41. Bd4+ Kxd5 42. h4 gxh4 43. Kxf4 h3 44. Kg3 Nf5+
45. Kxh3 Nxd4 46. cxd4 Kxd4 47. Kg3 Kd3 48. Kf4 Kc2 49. Ke4 Kxb2 50. Kd4 c3
51. Kc5 Kxa3 52. Kxb5 c2 {White resigns} 0-1

[Event "ICC tourney 2917 (30 10)"]
[Site "Internet Chess Club"]
[Date "2022.05.21"]
[Round "3"]
[White "Guo, Anni:movingkid"]
[Black "YUAN, SERENA:doudou2011"]
[Result "1/2-1/2"]
[ICCResult "Game drawn by mutual agreement"]
[WhiteElo "1700"]
[BlackElo "1580"]
[Opening "Sicilian: Pelikan, Chelyabinsk variation"]
[ECO "B33"]
[NIC "SI.37"]
[Time "16:00:13"]
[PlyCount "86"]
[TimeControl "1800+10"]

1. e4 c5 2. Nf3 Nc6 3. d4 cxd4 4. Nxd4 Nf6 5. Nc3 e5 6. Ndb5 d6 7. Bg5 a6 8.
Na3 b5 9. Nd5 Be7 10. Bxf6 Bxf6 11. c3 O-O 12. Be2 Bg5 13. O-O Ne7 14. Nc2
Nxd5 15. Qxd5 Be6 16. Qd1 g6 17. Nb4 Qc7 18. Nd5 Qc5 19. Qd3 Bxd5 20. Qxd5
Qxd5 21. exd5 f5 22. a4 bxa4 23. Rxa4 a5 24. Rfa1 Rab8 25. b4 axb4 26. Rxb4
Bd2 27. Rxb8 Rxb8 28. c4 Rc8 29. Rb1 Ba5 30. g3 Bd8 31. Rb7 Bc7 32. Bd1 e4
33. Ba4 Ba5 34. Bb5 Rc7 35. Rb8+ Kg7 36. Bc6 Bc3 37. Ra8 Bd4 38. Ra2 Ra7 39.
Re2 Ra1+ 40. Kg2 Rc1 41. Bb5 Kf6 42. Ba6 Ra1 43. Bb5 Rc1
{Game drawn by mutual agreement}
1/2-1/2